 Dungeon Crawl Stone Soup version 0.30-a0-862-g1aabd4f9c5 (webtiles) character file.

Game seed: 7923036673907789156

6212 Esekla the Covert (level 10, -1/69 HPs)
             Began as an Octopode Delver on Mar 8, 2023.
             Was an Initiate of Gozag.
             Slain by a quicksilver ooze (6 damage)
             ... in a Gauntlet on Mar 9, 2023.
             The game lasted 01:18:37 (11475 turns).

Esekla the Covert (Octopode Delver)                Turns: 11475, Time: 01:18:37

Health: -1/69      AC:  8    Str: 18    XL:     10   Next: 92%
Magic:  1/16       EV: 15    Int: 19    God:    Gozag
Gold:   348        SH: 10    Dex: 14    Spells: 17/17 levels left

rFire   . . .      SeeInvis .    a - +4 falchion (freeze)
rCold   . . .      Faith    .    F - +0 buckler
rNeg    + . .      Spirit   .    (helmet restricted)
rPois   +          Reflect  +    H - amulet of Afouxzebu {Reflect rN+ Int+3 SH+5}
rElec   .          Rampage  .    g - +6 ring of strength
rCorr   .          NoTele   +    x - ring of poison resistance
Will    .....                    t - +7 ring of protection
Stlth   ++++++                   I - ring of flight
HPRegen 0.31/turn                (no ring)
MPRegen 0.15/turn                (no ring)
                                 (no ring)
                                 (no ring)

@: engulfed, flying
A: almost no armour, amphibious, 8 rings, camouflage 1, gelatinous body 1,
(nimble swimmer 1), tentacles
a: Renounce Religion, Potion Petition, Call Merchant, Bribe Branch


You were in a Gauntlet.
You worshipped Gozag.
Gozag was aware of your devotion.
You visited 3 branches of the dungeon, and saw 11 of its levels.
You also visited: Gauntlet.

You collected 1869 gold pieces.
You spent 1519 gold pieces at shops.
You paid 2 gold pieces to Gozag.

Inventory:

Hand Weapons
 a - a +4 falchion of freezing (weapon)
 d - a +3 long sword
 r - a +6 heavy spear
 s - a +0 dagger of venom
 v - the +10 whip "Nacruudi" {speed, rN+ Str+5}
   (You found it on level 2 of the Dungeon)

   Str:       It affects your strength (+5).
   rN:        It protects you from negative energy.
Missiles
 h - 4 poisoned darts
 l - 4 boomerangs (quivered)
Armour
 F - a +0 buckler (worn)
Jewellery
 g - a +6 ring of strength (left tentacle)
 t - a +7 ring of protection (on tentacle)
 x - a ring of poison resistance (right tentacle)
 H - the amulet of Afouxzebu (around mantle) {Reflect rN+ Int+3 SH+5}
   (You took it off an orc priest on level 6 of the Dungeon)

   [amulet of reflection]

   It reflects blocked missile attacks.
   Int:       It affects your intelligence (+3).
   rN:        It protects you from negative energy.
   SH:        It affects your SH (+5).
 I - a ring of flight (on tentacle)
 L - the ring "Quegix" {*Slow rElec rF- rC+ Dex+8}
   (You found it in a Gauntlet)

   [ring of protection from cold]

   Dex:       It affects your dexterity (+8).
   rF:        It makes you vulnerable to fire.
   rC:        It protects you from cold.
   rElec:     It insulates you from electricity.
   *Slow:     It may slow you when you take damage.
Wands
 f - a wand of digging (3)
 k - a wand of acid (18)
Scrolls
 b - 3 scrolls of fog
 c - 3 scrolls of amnesia {unknown}
 m - 2 scrolls of brand weapon {unknown}
 n - 3 scrolls of enchant weapon {unknown}
 p - a scroll of silence {unknown}
 u - 4 scrolls of teleportation
 y - a scroll of magic mapping
 z - 3 scrolls of vulnerability {unknown}
 A - 2 scrolls of enchant armour {unknown}
 B - 2 scrolls of poison
 D - a scroll of blinking
 G - a scroll of immolation {unknown}
 J - a scroll of torment {unknown}
 K - 2 scrolls of acquirement {unknown}
Potions
 e - 3 potions of haste
 i - a potion of berserk rage
 j - a potion of might
 o - a potion of curing
 q - 3 potions of cancellation
 w - 2 potions of mutation
 C - 2 potions of brilliance
 E - 2 potions of resistance


   Skills:
 * Level 6.6 Fighting
 + Level 3.6(6.3) Short Blades
 * Level 8.0(8.4) Long Blades
 + Level 3.6 Throwing
 * Level 6.1 Dodging
 + Level 12.0 Stealth
 + Level 4.5 Shields
 + Level 4.3 Spellcasting
 + Level 1.4 Evocations


You had 17 spell levels left.
You didn't know any spells.
Your spell library contained the following spells:

 Spells                   Type           Power      Damage    Failure   Level
 Ensorcelled Hibernation  Hex/Ice        8%         N/A       26%         2
 Passwall                 Tmut/Erth      3%         N/A       26%         2
 Call Canine Familiar     Summ           4%         N/A       45%         3
 Portal Projectile        Hex/Tloc       8%         N/A       45%         3
 Stone Arrow              Conj/Erth      8%         3d7       45%         3
 Swiftness                Air            4%         N/A       45%         3
 Leda's Liquefaction      Hex/Erth       2%         N/A       86%         4
 Lehudib's Crystal Spear  Conj/Erth      2%         10d2      100%        8
 Animate Armour           Summ/Erth      Unusable   N/A       N/A         4

Dungeon Overview and Level Annotations

Branches:
Dungeon (9/15)             Temple (1/1) D:5            Lair (1/5) D:8
Gauntlet (1/1)
    Orc: D:9-12

Altars:
Ashenzari
Cheibriados
Dithmenos
Elyvilon
Fedhas
Gozag
Hepliaklqana
Kikubaaqudgha
Makhleb
Nemelex Xobeh
Okawaru
Qazlal
Ru
Sif Muna
Trog
Uskayaw
Vehumet
Wu Jian
Xom
Yredelemnul
Zin
The Shining One

Shops:
D:2 ?   D:5 =

Annotations:
D:4 1 runed translucent door, mandoloar's ghost, amateur GnFi
D:5 2 jellies
D:7 Maggie
D:8 1 runed translucent door
Lair:1 Gastronok; Sonja Gauntlet 9 transporters, 3 runed translucent doors, exclusion: ice statue


Innate Abilities, Weirdness & Mutations

You cannot wear most types of armour.
You are amphibious.
You can wear up to eight rings at the same time.
Your skin changes colour to match your surroundings (Stealth+).
Your rubbery body absorbs attacks. (AC +1, EV +1)
((You are camouflaged when in or above water. (Stealth+)))
You have tentacles for arms and can constrict up to eight enemies at once.


Message History

The quicksilver ooze attacks as you move away!
The quicksilver ooze hits you!!
The quicksilver ooze hits you but does no damage.
Really fly into that dispersal trap?
You enter a dispersal trap!
The quicksilver ooze blinks!
You blink.
You become entangled in the net!
There is a net trap here.
You see here a throwing net.
Okay, then.
You struggle against the net.
You tear a large gash into the net.
You shred the net and break free!
The quicksilver ooze fails to trigger a net trap.
Blink to where?
Press: ? - help, Dir - move target
As you read the scroll of blinking, it crumbles to dust.
You see here a scroll of teleportation.
You see here the ring "Quegix" {*Slow rElec rF- rC+ Dex+8}.
L - the ring "Quegix" {*Slow rElec rF- rC+ Dex+8}
There is a transporter here.
The quicksilver ooze hits you!
* * * LOW HITPOINT WARNING * * *
The quicksilver ooze barely misses you.
Really fly into that dispersal trap?
You enter a dispersal trap!
The quicksilver ooze blinks!
You blink.
Your extra speed is starting to run out.
You feel yourself slow down.
The quicksilver ooze fails to trigger a net trap.
You block the quicksilver ooze's attack.
The quicksilver ooze hits you!
* * * LOW HITPOINT WARNING * * *
You feel your power leaking away. The quicksilver ooze hits you!
* * * LOW HITPOINT WARNING * * *
The quicksilver ooze engulfs you!
The quicksilver ooze closely misses you.
The quicksilver ooze attacks as you move away!
The quicksilver ooze hits you.
You die...
Your body crumbles into a pile of gold.

#≈#≈#≈#..#..#####..#.§#≈
###........#.#.....#.#.§..
#§.........#....©....#.§..
###..######################
#§...#...........©.........
###...#.©.........©.........
#≈..########################
##..#.###.J.#.#G.....^#.#t..
#≈..#.#...#@#.#u####..#.#.##
##..#..^###.#.#u#^..#.#.#.#t
#≈..#.#.©.#.#.#.#.©.#.#.#..#
##..#.###^..#.#.#..^#.#.#..#
#≈..#.#...#.#.#..####.#.#...
##..#.).©.?.#.#^![©[..#.#..[
#≈..#########.#########.####
##..........................
#≈..............8.∩.8.......


You could see a great orb of eyes, 2 ugly things and a quicksilver ooze.

Vanquished Creatures
  A wizard (Gauntlet)
  2 cane toads (Lair:1)
  A komodo dragon (Lair:1)
  3 blink frogs (Lair:1)
  Sigmund (D:2)
  A wyvern (D:7)
  A neqoxec (Gauntlet)
  2 chaos spawn (Gauntlet)
  Menkaure (D:7)
  An orc warrior (D:6)
  2 water moccasins
  A black bear (D:8)
  2 ice beasts
  A sky beast (D:8)
  3 ogres
  2 centaurs
  A phantom (D:4)
  A bullfrog (D:7)
  A gnoll sergeant (D:5)
  3 scorpions
  8 wights
  9 killer bees
  3 howler monkeys (D:9)
  An electric eel (D:7)
  A gnoll bouda (D:8)
  6 hounds
  2 jellies (D:7)
  6 orc priests
  2 sleepcaps
  Terence (D:2)
  An iguana (D:6)
  8 orc wizards
  A mummy (D:6)
  Robin (D:2)
  18 gnolls
  8 adders
  3 shadow imps
  3 white imps
  An ufetubus (D:7)
  A worm (D:2)
  3 dart slugs
  22 orcs
  6 ball pythons
  6 endoplasms
  A giant cockroach (D:2)
  23 goblins
  9 hobgoblins
  6 quokkas
  6 bats
  4 frilled lizards
  A goblin skeleton (D:8)
  5 kobolds
  4 rats
211 creatures vanquished.

Vanquished Creatures (others)
  6 fungi
  11 plants (D:3)
17 creatures vanquished.

Grand Total: 228 creatures vanquished

Notes
Turn   | Place    | Note
-------+----------+-------------------------------------------
     0 | D:5      | Esekla the Octopode Delver began the quest for the Orb.
     0 | D:5      | Reached XP level 1. HP: 16/16 MP: 1/1
    17 | D:5      | Noticed a gnoll sergeant
    48 | D:5      | Reached XP level 2. HP: 8/21 MP: 2/2
    53 | D:5      | Found a staircase to the Ecumenical Temple.
    62 | Temple   | Entered the Ecumenical Temple
    62 | Temple   | Found a transporter.
    62 | Temple   | Found a transporter.
   117 | D:5      | Reached skill level 7 in Stealth
   165 | D:5      | Reached XP level 3. HP: 21/26 MP: 3/3
   260 | D:5      | Found Icugatew's One-of-a-Kind Rings.
   394 | D:5      | Reached skill level 1 in Spellcasting
   394 | D:5      | Reached XP level 4. HP: 25/31 MP: 5/5
   397 | D:5      | Found a glowing silver altar of Zin.
   476 | D:5      | Noticed a scorpion
   480 | D:5      | Killed a scorpion
   481 | D:5      | Reached XP level 5. HP: 36/36 MP: 6/6
   736 | D:5      | Noticed an ogre
   798 | Temple   | Found a transporter.
   798 | Temple   | Found a transporter.
   827 | Temple   | Became a worshipper of Gozag Ym Sagoz the Greedy
   992 | D:3      | Reached skill level 1 in Shields
  1296 | D:4      | Found a sparkling altar of Nemelex Xobeh.
  1428 | D:2      | Reached skill level 8 in Stealth
  1435 | D:2      | Noticed Terence
  1438 | D:2      | Killed Terence
  1629 | D:2      | Reached XP level 6. HP: 42/42 MP: 8/8
  1700 | D:2      | Noticed Sigmund
  1806 | D:2      | Found Seebbaju's Magic Scroll Boutique.
  1808 | D:2      | Killed Sigmund
  1862 | D:2      | Bought a scroll of teleportation for 42 gold pieces
  1991 | D:2      | Identified the +10 whip "Nacruudi" {speed, rN+ Str+5}
  2056 | D:1      | Reached XP level 7. HP: 44/47 MP: 9/9
  2359 | D:2      | Noticed Robin
  2371 | D:2      | Killed Robin
  2972 | D:2      | Bought a scroll of identify for 28 gold pieces
  3158 | D:4      | Found a shadowy altar of Dithmenos.
  3255 | D:4      | Found a runed translucent door.
  3517 | D:3      | Reached skill level 1 in Short Blades
  3781 | D:3      | Found a faded altar of an unknown god.
  3998 | D:4      | Noticed mandoloar's ghost (amateur GnFi)
  4210 | D:4      | Found a broken altar of Ashenzari.
  4237 | D:4      | Found an ancient bone altar of Kikubaaqudgha.
  4238 | D:4      | Found a blossoming altar of Fedhas.
  4508 | D:5      | Reached skill level 9 in Stealth
  5140 | D:5      | Reached XP level 8. HP: 54/54 MP: 11/11
  5326 | D:6      | Found a burning altar of Makhleb.
  5390 | D:6      | Found a snail-covered altar of Cheibriados.
  5394 | D:6      | Reached skill level 1 in Throwing
  5454 | D:6      | Identified the amulet of Afouxzebu {Reflect rN+ Int+3 SH+5}
  6357 | D:6      | Reached skill level 10 in Stealth
  6704 | D:6      | HP: 2/54 [orc warrior/bolt (14)]
  7121 | D:7      | Reached XP level 9. HP: 60/60 MP: 13/13
  7181 | D:7      | Reached skill level 5 in Fighting
  7243 | D:7      | Reached skill level 5 in Long Blades
  7420 | D:7      | Noticed Menkaure
  7427 | D:7      | Killed Menkaure
  7534 | D:7      | Noticed Maggie
  8616 | D:7      | Reached skill level 11 in Stealth
  8666 | D:8      | Found a staircase to the Lair.
  8667 | D:8      | Noticed a fire crab
  8737 | D:8      | Reached skill level 1 in Evocations
  9123 | D:8      | Found a bloodstained altar of Trog.
  9194 | D:8      | Reached skill level 5 in Dodging
  9321 | D:8      | Reached XP level 10. HP: 66/66 MP: 16/16
  9645 | D:5      | Bought a +7 ring of protection for 1449 gold pieces
  9844 | D:8      | Found a runed translucent door.
  9848 | D:8      | Found a basalt altar of Yredelemnul.
 10329 | D:9      | Found a shimmering altar of Xom.
 10806 | Lair:1   | Entered Level 1 of the Lair of Beasts
 10860 | Lair:1   | Found a gate leading to a gauntlet.
 10865 | Lair:1   | Noticed a cane toad
 10884 | Lair:1   | Killed a cane toad
 10886 | Lair:1   | Noticed a cane toad
 10900 | Lair:1   | Killed a cane toad
 10938 | Lair:1   | Noticed Gastronok
 10971 | Lair:1   | Noticed Sonja
 11016 | Gauntlet | Entered a Gauntlet
 11016 | Gauntlet | Found a transporter.
 11016 | Gauntlet | Found a transporter.
 11016 | Gauntlet | Found a runed translucent door.
 11016 | Gauntlet | Found a runed translucent door.
 11018 | Gauntlet | Found a transporter.
 11019 | Gauntlet | Found a transporter.
 11019 | Gauntlet | Noticed a wizard
 11021 | Gauntlet | Found a transporter.
 11037 | Gauntlet | Noticed a moth of wrath
 11040 | Gauntlet | Found a transporter.
 11042 | Gauntlet | Noticed an ice statue
 11046 | Gauntlet | Found a transporter.
 11065 | Gauntlet | Found a runed translucent door.
 11085 | Gauntlet | Found a transporter.
 11086 | Gauntlet | Found a transporter.
 11086 | Gauntlet | Found a transporter.
 11088 | Gauntlet | Noticed an apocalypse crab
 11091 | Gauntlet | Noticed a white ugly thing
 11100 | Gauntlet | Found a transporter.
 11114 | Gauntlet | Noticed a brown ugly thing
 11117 | Gauntlet | Found a transporter.
 11117 | Gauntlet | Noticed a great orb of eyes
 11124 | Gauntlet | Noticed a quicksilver ooze
 11127 | Gauntlet | Found a transporter.
 11131 | Gauntlet | Found a transporter.
 11260 | Gauntlet | Killed a wizard
 11314 | Gauntlet | Reached skill level 12 in Stealth
 11450 | Gauntlet | Identified the ring "Quegix" {*Slow rElec rF- rC+ Dex+8}
 11475 | Gauntlet | Slain by a quicksilver ooze

Illustrated notes

Levels and vault maps discovered:
D:1:      heliophobic_arrival_ceremonial_halls, layout_basic,
          chequers_serial_rivers_micro_a, serial_bayou_crossing
D:2:      layout_basic, serial_shops, shop, uniq_robin, uniq_terence,
          uniq_sigmund
D:3:      layout_loops_ring, shapermc_ecumenical_altar_mp_ritualfount
D:4:      minmay_door_path, layout_cave_pools,
          grunt_temple_overflow_growth_and_decay, nemelex_diamond_rough_becter,
          nicolae_dithmenos_shadow_blocks, nicolae_overflow_crystal_walls,
          ebering_ghost_reflecting_pool
D:5:      layout_cave_pools, lemuel_tele_altar, minmay_temple_entry_steel_oval,
          minmay_misc_feat_pillars, nicolae_shop_unique_rings,
          kennysheep_generic_room_4
D:6:      layout_gridville, mainiacjoe_overflow_alcove_4, slow_altar_1,
          dreamdust_mushroom_princess
D:7:      layout_basic, minmay_splitting_lines, kennysheep_opposing_triangles,
          uniq_menkaure, uniq_maggie
D:8:      layout_basic, dk_yredelemnul_ordeal, trog_ov_bears_minmay,
          minmay_lair_entry_lava, serial_curves, eino_curves_01, eino_curves_02,
          nicolae_concentric_dashed_squares_wild
D:9:      layout_basic, xom_teletrap_fun
Temple:   hellmonk_temple_divided_pantheon
Lair:1:   layout_cave_pods, gauntlet_entry_generic, uniq_sonja, uniq_gastronok,
          uniq_grum
Gauntlet: gammafunk_gauntlet_mixed_choke_point
          [minmay_gauntlet_arena_77_tiled_triplets,
          minmay_gauntlet_arena_77_shame_cube, minmay_gauntlet_arena_77_path,
          nicolae_gauntlet_arena_blocks, minmay_gauntlet_arena_77_broken_ladder,
          minmay_gauntlet_arena_77_box, minmay_gauntlet_arena_77_hold_the_fort,
          gauntlet_exit_watery]

Skill      XL: |  1  2  3  4  5  6  7  8  9 10 |
---------------+-------------------------------+-----
Stealth        | 7 8 9 10 11 12 | 12.0
Spellcasting   | 1 2 3 4 |  4.3
Shields        | 1 2 3 4 |  4.5
Long Blades    | 3 4 5 8 |  8.0
Dodging        | 3 4 5 6 |  6.1
Short Blades   | 1 2 3 |  3.6
Fighting       | 4 5 6 |  6.6
Throwing       | 1 3 |  3.6
Evocations     | 1 |  1.4

Action                     |  1- 3 |  4- 6 |  7- 9 | 10-12 || total
---------------------------+-------+-------+-------+-------++-------
  Melee: Falchion          |    22 |    45 |    67 |    89 ||   223
         Constrict         |     5 |    13 |    65 |    21 ||   104
         Tentacles         |     2 |    12 |    76 |    25 ||   115
         Dagger            |     1 |    21 |   195 |     5 ||   222
         Punch             |       |     1 |     2 |       ||     3
         Whip              |       |       |     1 |       ||     1
         Long sword        |       |       |    13 |       ||    13
  Throw: Dart              |       |    14 |    28 |     3 ||    45
         Boomerang         |       |       |     9 |     8 ||    17
  Evoke: Wand              |       |       |     2 |       ||     2
    Use: Scroll            |     4 |     1 |     9 |     5 ||    19
         Potion            |       |       |     4 |     3 ||     7
   Stab: Sleeping          |     2 |    17 |    29 |     5 ||    53
         Fleeing           |     1 |       |       |       ||     1
         Distracted        |       |       |     6 |       ||     6
 Armour: Skin              |       |     2 |     5 |    14 ||    21
  Dodge: Dodged            |    18 |    30 |   116 |    30 ||   194
  Block: Buckler           |       |       |    48 |    21 ||    69
         Reflection        |       |       |     4 |     1 ||     5

Table legend: (Time is in decaauts)
 A = Elapsed time spent in this place.
 B = Non-inter-level travel time spent in this place.
 C = Inter-level travel time spent in this place.
 D = Time resting spent in this place.
 E = Time spent auto-exploring this place.
 F = Levels seen in this place.
 G = Mean time per level.
                   A        B        C        D        E       F      G
               +--------+--------+--------+--------+--------+-----+--------+
         Total |  11402 |  11109 |    293 |   2663 |   1695 |  12 |  950.2 |
       Dungeon |  10343 |  10051 |    292 |   2250 |   1695 |   9 | 1149.2 |
        Temple |    407 |    406 |      1 |    339 |      0 |   1 |  407.0 |
          Lair |    208 |    208 |      0 |     10 |      0 |   1 |  208.0 |
      Gauntlet |    443 |    443 |      0 |     64 |      0 |   1 |  443.0 |
               +--------+--------+--------+--------+--------+-----+--------+

Top non-repeatable levels by time:
     D:5: 1918 daAuts
     D:7: 1661 daAuts
     D:6: 1324 daAuts
     D:3: 1020 daAuts
     D:2: 999 daAuts
     D:8: 994 daAuts
     D:4: 896 daAuts
     D:9: 844 daAuts
     D:1: 683 daAuts
Gauntlet: 443 daAuts
  Temple: 407 daAuts
  Lair:1: 208 daAuts
